 Dungeon Crawl Stone Soup version 0.30.1-11-g7821555f0a (webtiles) character file.

Game seed: 18755624885038811

15083 Gumption the Cleaver (level 11, -13/102 HPs)
             Began as a Minotaur Berserker on Nov 10, 2023.
             Was an Elder of Trog.
             Engulfed by a cloud of flame (16 damage)
             ... in a Gauntlet.
             The game lasted 01:15:14 (11637 turns).

Gumption the Cleaver (Minotaur Berserker)          Turns: 11637, Time: 01:15:15

Health: -13/102    AC: 23    Str: 26    XL:     11   Next: 97%
Magic:  10/10      EV: 14    Int:  4    God:    Trog [****..]
Gold:   653        SH:  6    Dex: 10    Spells: 10/10 levels left

rFire   . . .        S - +4 war axe
rCold   . . .        E - +0 buckler
rNeg    . . .        I - +2 plate armour
rPois   .            J - +2 hat
rElec   .            i - +0 cloak {Stlth+}
rCorr   .            M - +0 pair of gloves
SInv    .            C - +0 pair of boots
Will    +....        (no amulet) Stlth
                     l - ring of willpower
HPRegen 0.37/turn    L - +5 ring of evasion
MPRegen 0.12/turn

%: no teleportation
@: no status effects
A: horns 2, retaliatory headbutt
a: Renounce Religion, Berserk, Trog's Hand, Brothers in Arms


You were in a Gauntlet.
You worshipped Trog.
Trog was greatly pleased with you.
You visited 2 branches of the dungeon, and saw 12 of its levels.
You also visited: Gauntlet.

You collected 763 gold pieces.
You spent 110 gold pieces at shops.

Inventory:

Hand Weapons
 a - a +0 broad axe
 N - a +0 war axe
 S - a +4 war axe (weapon)
Missiles
 f - 18 poisoned darts
 n - 5 javelins (quivered)
 u - 12 boomerangs
 v - 2 throwing nets
 F - 3 silver boomerangs
Armour
 i - a +0 cloak of stealth (worn)
 C - a +0 pair of boots (worn)
 E - a +0 buckler (worn)
 I - a +2 plate armour (worn)
 J - a +2 hat (worn)
 M - a +0 pair of gloves (worn)
Jewellery
 l - a ring of willpower (left hand)
 y - a +6 ring of strength
 B - a ring of magical power
 L - a +5 ring of evasion (right hand)
Wands
 z - a wand of paralysis (8)
 G - a wand of polymorph (8)
 K - a wand of quicksilver (5)
 P - a wand of flame (6)
Scrolls
 b - 2 scrolls of fear
 c - a scroll of butterflies
 e - a scroll of blinking
 g - 2 scrolls of enchant weapon
 j - 4 scrolls of fog
 k - a scroll of magic mapping
 m - 6 scrolls of teleportation
 r - 4 scrolls of identify
 s - 3 scrolls of poison
 w - a scroll of immolation
 A - a scroll of silence
Potions
 d - a potion of might
 h - 6 potions of flight
 p - 2 potions of lignification
 q - 2 potions of haste
 t - 5 potions of curing
 x - 2 potions of attraction
 D - 2 potions of mutation
 O - 2 potions of ambrosia {unknown}
 R - a potion of invisibility {unknown}
Miscellaneous
 H - a lightning rod (4/4)
 Q - a tin of tremorstones (2/2)


   Skills:
 + Level 11.2 Fighting
 + Level 14.1 Axes
 + Level 10.9 Armour
 + Level 5.7 Dodging
 - Level 9.0 Shields
 * Level 3.2 Evocations


You had 10 spell levels left.
You didn't know any spells.
Your spell library was empty.

Dungeon Overview and Level Annotations

Branches:
Dungeon (11/15)            Temple (1/1) D:7            Lair (0/5) D:8
    Orc (0/2) D:9         Gauntlet (1/1)

Altars:
Ashenzari
Cheibriados
Dithmenos
Elyvilon
Fedhas
Gozag
Hepliaklqana
Kikubaaqudgha
Nemelex Xobeh
Okawaru
Qazlal
Ru
Sif Muna
Trog
Uskayaw
Vehumet
Wu Jian
Xom
Yredelemnul
Zin
The Shining One

Shops:
D:6 :[!**   D:8 *

Annotations:
Temple 4 transporters Gauntlet 13 transporters, exclusion: ice statue


Innate Abilities, Weirdness & Mutations

You have a pair of horns on your head.
You reflexively headbutt those who attack you in melee.


Message History

The fire crab is lightly wounded.
The fire crab completely misses you. The fire crab claws you.
You are engulfed in flames!
You slash the fire crab!
The fire crab is moderately wounded.
You hit the fire crab. You headbutt the fire crab.
The fire crab is moderately wounded.
The fire crab bites you.
You are engulfed in flames!
The fire crab claws you!
* * * LOW HITPOINT WARNING * * *
You are engulfed in flames!
* * * LOW HITPOINT WARNING * * *
You feel much better.
The fire crab bites you but does no damage.
The fire crab claws you.
You are engulfed in flames!
* * * LOW HITPOINT WARNING * * *
You hit the fire crab but do no damage.
The fire crab is moderately wounded.
The fire crab breathes flames at you. The blast of flame misses you.
Unknown command.
You slice the fire crab!!
The fire crab is severely wounded.
You are engulfed in blazing flames.
* * * LOW HITPOINT WARNING * * *
The fire crab barely misses you. You block the fire crab's attack.
You hit the fire crab. Your headbutt misses the fire crab.
The fire crab is severely wounded.
You are engulfed in blazing flames.
The fire crab bites you but does no damage.
The fire crab closely misses you.
Unknown command.
You barely miss the fire crab.
The fire crab is severely wounded.
You are engulfed in blazing flames.
* * * LOW HITPOINT WARNING * * *
You slash the fire crab!
You kill the fire crab!
Trog accepts your kill.
You are engulfed in blazing flames.
You die...

######...###########.#........#8#
.......≈...........#.#........###
##....≈8≈....#######.#######.....
©#.....≈.....#©...........©#.....
######...#######################.
#....#...###.##.##.#≈#.........#.
.#..5#...###.##.##.#§#.........#.
©.#..#...##.#.....##≈#k#######.#.
#..#.#...#.##.##@.##§##.#.#.#.##.
.#..##...#.##.##.###8#....©....#.
..#..#...#.........#≈#.#^#^#^#.#.
#..#.#...##.##.##.##≈#.#######^#.
.#..##...##.##.##.##≈#.^..8..^.#.
©.#.5#...#....©?=..#≈#...|©!...#.
######...#######################.
©#.....≈.....#©...........©#.....
##....≈8≈....#######.#######.....


You could see a rime drake.

Vanquished Creatures
  The ghost of fedepesso the Protected, a novice MiBe of Trog (D:8)
  2 two-headed ogres
  A fire crab (Gauntlet)
  Maurice (D:9)
  4 molten gargoyles (D:9)
  A komodo dragon (D:8)
  A troll (D:10)
  Grinder (D:4)
  The ghost of billyroblox the Dealer of Despair, an amateur HuNe of Kikubaaqudgha (D:4)
  3 spriggans (D:8)
  2 fire bats (Gauntlet)
  3 wyverns (D:9)
  5 humans (D:10)
  32 yaks
  Edmund (D:4)
  2 swamp worms (Gauntlet)
  A water moccasin (D:7)
  5 orc warriors
  A black bear (D:8)
  An ice beast (D:6)
  3 sky beasts
  A centaur (D:7)
  A kobold brigand (D:9)
  4 bullfrogs
  5 scorpions
  2 gnoll sergeants
  17 wights
  3 howler monkeys
  6 orc priests
  A jelly (D:5)
  Crazy Yiuf (D:4)
  A gnoll bouda (D:8)
  Ijyb (D:5)
  6 sleepcaps
  12 orc wizards
  4 iguanas
  17 gnolls
  10 adders
  2 white imps (D:6)
  4 ufetubi (D:6)
  A worm (D:4)
  2 dart slugs (D:1)
  51 orcs
  2 ball pythons
  A bat (D:1)
  7 endoplasms
  7 giant cockroaches
  10 goblins
  4 hobgoblins
  5 jackals
  14 kobolds
  4 quokkas
  3 frilled lizards
  6 rats
  A butterfly (D:7)
288 creatures vanquished.

Notes
Turn   | Place    | Note
-------+----------+-------------------------------------------
     0 | D:1      | Gumption the Minotaur Berserker began the quest for the
                  | Orb.
     0 | D:1      | Reached XP level 1. HP: 19/19 MP: 0/0
   145 | D:1      | Reached skill level 4 in Axes
   145 | D:1      | Reached XP level 2. HP: 23/27 MP: 1/1
   174 | D:1      | Found a faded altar of an unknown god.
   352 | D:1      | Reached XP level 3. HP: 33/33 MP: 2/2
   362 | D:1      | Reached ** piety under Trog
  1205 | D:2      | Reached XP level 4. HP: 39/40 MP: 3/3
  1220 | D:2      | Reached skill level 5 in Axes
  1938 | D:3      | Found a faded altar of an unknown god.
  1943 | D:3      | Found an iron altar of Okawaru.
  2089 | D:3      | Reached XP level 5. HP: 35/47 MP: 4/4
  2398 | D:4      | Noticed Grinder
  2409 | D:4      | Killed Grinder
  2410 | D:4      | Reached skill level 5 in Fighting
  2410 | D:4      | Reached skill level 6 in Axes
  2410 | D:4      | Reached XP level 6. HP: 55/56 MP: 5/5
  2565 | D:4      | Noticed Edmund
  2585 | D:4      | Killed Edmund
  2586 | D:4      | Reached skill level 7 in Axes
  2723 | D:4      | Reached skill level 5 in Armour
  2723 | D:4      | Reached XP level 7. HP: 50/62 MP: 6/6
  2822 | D:4      | Reached *** piety under Trog
  2989 | D:4      | Found a runed translucent gate.
  2989 | D:4      | Found a runed translucent gate.
  2989 | D:4      | Found a runed translucent gate.
  2994 | D:4      | Noticed billyroblox's ghost (amateur HuNe)
  2995 | D:4      | Identified the +0 chain mail of Xayroargh {Will+ Str-3
                  | Slay+4}
  3094 | D:4      | Found a runed translucent door.
  3095 | D:4      | Noticed Crazy Yiuf
  3189 | D:5      | Entered Level 5 of the Dungeon
  3227 | D:5      | Noticed Ijyb
  3234 | D:5      | Killed Ijyb
  3774 | D:5      | Identified the +0 plate armour "Wukaxag" {Int+2}
  3917 | D:6      | Reached skill level 8 in Axes
  3994 | D:6      | Found Fewuw's Armour Shop.
  4130 | D:6      | Found Apiv's Book Boutique.
  4149 | D:6      | Found Luelai Fuimm's Distillery.
  4196 | D:6      | Found Zaib Doil's General Store.
  4200 | D:6      | Bought a scroll of identify for 26 gold pieces
  4200 | D:6      | Bought a +0 pair of boots for 58 gold pieces
  4213 | D:6      | Found Vaqeoc's General Store.
  4224 | D:6      | Bought a scroll of identify for 26 gold pieces
  4242 | D:6      | Noticed a yak
  4243 | D:6      | Noticed a yak
  4243 | D:6      | Noticed a yak
  4382 | D:6      | Reached XP level 8. HP: 70/71 MP: 7/7
  4502 | D:6      | Reached skill level 9 in Axes
  4824 | D:7      | Reached skill level 1 in Shields
  5381 | D:7      | Found a staircase to the Ecumenical Temple.
  5411 | Temple   | Entered the Ecumenical Temple
  5411 | Temple   | Found a transporter.
  5411 | Temple   | Found a transporter.
  5413 | Temple   | Found a transporter.
  5413 | Temple   | Found a transporter.
  5520 | D:7      | Reached skill level 10 in Axes
  5647 | D:7      | Reached XP level 9. HP: 79/79 MP: 8/8
  5758 | D:7      | Reached **** piety under Trog
  6049 | D:8      | Found a runed translucent door.
  6051 | D:8      | Noticed fedepesso's ghost (novice MiBe)
  6051 | D:8      | Identified the +1 spear "Giantbane" {holy, Fragile Str+6}
  6143 | D:8      | Noticed a two-headed ogre
  6155 | D:8      | Killed a two-headed ogre
  6156 | D:8      | Reached skill level 11 in Axes
  6156 | D:8      | Reached skill level 5 in Shields
  6425 | D:8      | Noticed a komodo dragon
  6436 | D:8      | Killed a komodo dragon
  6670 | D:8      | Reached XP level 10. HP: 72/90 MP: 9/9
  6681 | D:8      | Found a staircase to the Lair.
  6727 | D:8      | Found Jaaged's Overcharged Wands.
  6850 | D:8      | Reached skill level 12 in Axes
  7313 | D:4      | Killed billyroblox's ghost
  7453 | D:4      | Killed Crazy Yiuf
  7774 | D:8      | Killed fedepesso's ghost
  7782 | D:8      | Reached skill level 13 in Axes
  8072 | D:9      | Reached skill level 10 in Fighting
  8377 | D:9      | Reached XP level 11. HP: 90/95 MP: 10/10
  8431 | D:9      | Noticed Maurice
  8460 | D:9      | Killed Maurice
  8872 | D:9      | Reached skill level 10 in Armour
  9157 | D:9      | Found a staircase to the Orcish Mines.
  9602 | D:10     | Entered Level 10 of the Dungeon
  9844 | D:10     | Noticed a two-headed ogre
  9855 | D:10     | Killed a two-headed ogre
  9856 | D:10     | Reached skill level 5 in Dodging
  9856 | D:10     | Reached skill level 1 in Evocations
 10158 | D:10     | Reached skill level 14 in Axes
 10657 | D:10     | Found a white marble altar of Elyvilon.
 10657 | D:10     | Found a broken altar of Ashenzari.
 10766 | D:11     | Found a gate leading to a gauntlet.
 10773 | Gauntlet | Entered a Gauntlet
 10773 | Gauntlet | Found a transporter.
 10773 | Gauntlet | Found a transporter.
 10779 | Gauntlet | Found a transporter.
 10779 | Gauntlet | Found a transporter.
 10789 | Gauntlet | Found a transporter.
 10789 | Gauntlet | Noticed a fire crab
 10792 | Gauntlet | Found a transporter.
 10798 | Gauntlet | Noticed a death yak
 10799 | Gauntlet | Found a transporter.
 10799 | Gauntlet | Found a transporter.
 10799 | Gauntlet | Noticed a death yak
 10799 | Gauntlet | Noticed a death yak
 10800 | Gauntlet | Noticed a death yak
 10830 | Gauntlet | Found a transporter.
 10838 | Gauntlet | Noticed a ghost crab
 10848 | Gauntlet | Found a transporter.
 10864 | Gauntlet | Noticed a tengu warrior
 10871 | Gauntlet | Found a transporter.
 10889 | Gauntlet | Found a transporter.
 10934 | Gauntlet | Found a transporter.
 10950 | Gauntlet | Found a transporter.
 11050 | Gauntlet | Found a transporter.
 11064 | Gauntlet | Found a transporter.
 11636 | Gauntlet | HP: 2/102 [fire crab] (15)]
 11637 | Gauntlet | Killed a fire crab
 11637 | Gauntlet | Engulfed by a cloud of flame

Illustrated notes

Levels and vault maps discovered:
D:1:      amcnicky_arrival_gap_in_the_tavern_cellar, layout_basic,
          hellmonk_ecumenical_altar_zigzags
D:2:      layout_loops_ring
D:3:      layout_basic, nicolae_overflow_ecumenical_swirl,
          minmay_misc_feat_cross, glass_columns_a, lexackson_kobold_supper
D:4:      layout_basic, biasface_ghost_orc_armoury, minmay_between,
          uniq_grinder, uniq_edmund, uniq_crazy_yiuf_cottage
D:5:      nicolae_BIG_FREAKIN_CUBE, layout_gridville, uniq_ijyb
D:6:      layout_rooms, serial_shops, shop, shop, nicolae_shop_real_fake_doors,
          shop, nicolae_shop_trees, serial_demonic, serial_demonic_a,
          serial_demonic_c, serial_demonic_e, serial_demonic_e,
          serial_demonic_a, serial_demonic_f
D:7:      layout_basic, minmay_temple_entry_butterflies
D:8:      layout_basic, grunt_lair_entry_orc_guard_hut,
          ebering_ghost_funeral_grove, minivault_25, hex_tiny,
          nicolae_shop_overcharged_wands
D:9:      layout_basic, orc_0_dummy, chequers_serial_rivers_small_b,
          minivault_8, uniq_maurice
D:10:     layout_basic, gammafunk_temple_overflow_elements, minmay_ruffians
D:11:     layout_big_octagon, gauntlet_entry_generic
Temple:   hellmonk_temple_divided_pantheon
Gauntlet: gammafunk_gauntlet_branching [gammafunk_gauntlet_arena_open,
          nicolae_gauntlet_arena_blocks, gammafunk_gauntlet_arena_teeth,
          gammafunk_gauntlet_arena_crates,
          gammafunk_gauntlet_arena_arrow_garden, nicolae_gauntlet_arena_t_cross,
          nicolae_gauntlet_arena_quarters, gammafunk_gauntlet_arena_chambers,
          gauntlet_exit_watery]

Skill      XL: |  1  2  3  4  5  6  7  8  9 10 11 |
---------------+----------------------------------+-----
Axes           | 4 5 6 7 8 10 11 13 14 | 14.1
Fighting       | 4 5 6 7 8 10 11 | 11.2
Armour         | 3 4 5 6 7 8 9 10 | 10.9
Shields        | 4 6 7 9 |  9.0
Dodging        | 3 5 |  5.7
Evocations     | 3 |  3.2

Action                     |  1- 3 |  4- 6 |  7- 9 | 10-12 || total
---------------------------+-------+-------+-------+-------++-------
  Melee: Hand axe          |    66 |    82 |   238 |       ||   386
         Headbutt          |    10 |    18 |    78 |    75 ||   181
         Punch             |       |       |     3 |       ||     3
         War axe           |       |       |    90 |   375 ||   465
  Throw: Dart              |     7 |     4 |     7 |     8 ||    26
         Javelin           |       |       |     2 |     5 ||     7
 Invoke: Trog's Hand       |       |     2 |    12 |    13 ||    27
         Berserk           |       |     1 |       |     4 ||     5
    Use: Scroll            |       |     8 |    10 |     3 ||    21
         Potion            |       |       |       |     1 ||     1
   Stab: Sleeping          |     2 |       |       |       ||     2
 Armour: Animal skin       |     8 |       |       |       ||     8
         Ring mail         |     4 |    13 |     8 |       ||    25
         Plate armour      |       |       |   127 |   149 ||   276
  Dodge: Dodged            |    40 |    43 |   105 |   147 ||   335
  Block: Buckler           |       |       |    32 |    75 ||   107
